 Dungeon Crawl Stone Soup version 0.30-a0-800-g7c544603b3 (webtiles) character file.

Game seed: 6751649862696362665

207 sasquatch the Shooter (level 5, -1/35 HPs)
             Began as a Barachi Hunter on Feb 22, 2023.
             Slain by a water moccasin (7 damage)
             ... on level 5 of the Dungeon.
             The game lasted 00:06:02 (3641 turns).

sasquatch the Shooter (Barachi Hunter)              Turns: 3641, Time: 00:06:03

Health: -1/35      AC:  3    Str: 11    XL:     5   Next: 85%
Magic:  4/4        EV: 13    Int: 19    God:
Gold:   125        SH:  0    Dex: 17    Spells: 4/4 levels left

rFire   + . .      SeeInvis .    a - +0 shortbow
rCold   . . .      Faith    .    (shield currently unavailable)
rNeg    . . .      Spirit   .    c - +0 leather armour
rPois   .          Reflect  .    (no helmet)
rElec   .          Harm     .    (no cloak)
rCorr   .          Rampage  .    (no gloves)
Will    .....      Clarity  +    (no boots)
Stlth   ++                       (no amulet)
HPRegen 0.25/turn                m - +6 ring of intelligence
MPRegen 0.09/turn                y - ring of protection from fire

@: mighty, lethally poisoned (-1 -> -26), attractive, slow
A: amphibious, slowness 1, strong legs 1, +LOS, clarity, clever 1, frail 1, low
MP 1
a: Hop


You were on level 5 of the Dungeon.
You visited 1 branch of the dungeon, and saw 5 of its levels.

You collected 125 gold pieces.

Inventory:

Hand Weapons
 a - a +0 shortbow (weapon)
 b - a +4 whip
 w - a +1 long sword of holy wrath
Armour
 c - a +0 leather armour (worn)
 s - the +2 leather armour "Vaoseb" {rPois rC- SInv}
   (You found it on level 2 of the Dungeon)

   rC:        It makes you vulnerable to cold.
   rPois:     It protects you from poison.
   SInv:      It lets you see invisible.
Jewellery
 m - a +6 ring of intelligence (left hand)
 q - an amulet of faith
 y - a ring of protection from fire (right hand)
Wands
 v - a wand of quicksilver (3)
 E - a wand of flame (10)
Scrolls
 d - 3 scrolls of immolation
 g - 2 scrolls of teleportation {unknown}
 h - a scroll of poison {unknown}
 i - 2 scrolls of noise {unknown}
 k - 2 scrolls of enchant weapon {unknown}
 l - 2 scrolls of torment {unknown}
 n - 3 scrolls of identify {unknown}
 o - 3 scrolls of vulnerability {unknown}
 z - a scroll of fear {unknown}
 A - a scroll of amnesia {unknown}
 B - a scroll of fog {unknown}
 C - a scroll of enchant armour {unknown}
Potions
 e - a potion of lignification
 j - a potion of cancellation {unknown}
 p - a potion of might
 r - 2 potions of mutation
 t - a potion of heal wounds
 u - 2 potions of flight {unknown}
 x - 2 potions of curing {unknown}
 D - a potion of haste {unknown}


   Skills:
 - Level 2.4 Fighting
 * Level 6.1 Ranged Weapons
 + Level 4.0 Dodging
 - Level 0.8 Stealth


You had 4 spell levels left.
You didn't know any spells.
Your spell library was empty.

Dungeon Overview and Level Annotations

Branches:
Dungeon (5/15)
 Temple: D:4-7

Altars:
Fedhas
Gozag
Hepliaklqana
Wu Jian
Zin


Innate Abilities, Weirdness & Mutations

You are amphibious.
You cover ground slowly.
You can hop short distances.
You have an extended range of vision and can be seen from far away.
You possess an exceptional clarity of mind.
Your mind is acute. (Int +4, Str/Dex -1)
You are frail. (-10% HP)
Your magical capacity is low. (-10% MP)


Message History

The water moccasin misses you.
You shoot an arrow.
The arrow closely misses the water moccasin.
The water moccasin bites you.
You are poisoned.
The water moccasin poisons you!
The water moccasin bites you but does no damage.
You shoot an arrow. The arrow hits the water moccasin.
The water moccasin is moderately wounded.
You feel very sick. The water moccasin bites you!
You are more poisoned.
The water moccasin poisons you! The water moccasin bites you.
You are too injured to fight recklessly!
Really quaff the potion of lignification?
Okay, then.
It was a potion of attraction.
You feel attractive to monsters.
You feel very sick.
The water moccasin bites you but does no damage.
It was a potion of mutation.
You feel extremely strange.
You feel clever.
You feel frail.
You feel less energetic.
Your thoughts seem clearer.
* * * LOW HITPOINT WARNING * * *
You feel very sick. The water moccasin bites you.
* * * LOW HITPOINT WARNING * * *
You are more poisoned.
The water moccasin poisons you! The water moccasin closely misses you.
It was a potion of heal wounds.
You feel much better.
You feel very sick. The water moccasin bites you.
You are more poisoned.
The water moccasin poisons you!
It was a potion of might.
You feel very mighty all of a sudden.
You are ready to hop once more.
* * * LOW HITPOINT WARNING * * *
You feel extremely sick. The water moccasin bites you!
You die...

#..# #...... #>..
...... #..# .....
#..# ...(# #..#
....# #..# ....#
#.####..# ....#
#.......#######....#
######...@S........#
#.####......### #.#
######## #.# #.#
######## #.#
#......# #.#
#......# #.#
#......# #.#


You could see a water moccasin.

Vanquished Creatures
  A scorpion (D:4)
  An iguana (D:5)
  3 gnolls
  3 adders
  2 worms
  2 dart slugs
  5 bats
  4 endoplasms
  4 giant cockroaches
  7 goblins
  4 hobgoblins
  3 jackals (D:1)
  3 quokkas (D:1)
  5 ball pythons
  6 frilled lizards
  7 kobolds
  2 rats (D:1)
62 creatures vanquished.

Notes
Turn   | Place    | Note
-------+----------+-------------------------------------------
     0 | D:1      | sasquatch the Barachi Hunter began the quest for the Orb.
     0 | D:1      | Reached XP level 1. HP: 17/17 MP: 1/1
    79 | D:1      | Reached XP level 2. HP: 23/23 MP: 2/2
   541 | D:1      | Reached XP level 3. HP: 25/28 MP: 3/3
  1169 | D:2      | Reached skill level 5 in Ranged Weapons
  1169 | D:2      | Reached XP level 4. HP: 28/34 MP: 4/4
  1371 | D:2      | Identified the +2 leather armour "Vaoseb" {rPois rC- SInv}
  1631 | D:2      | Found a faded altar of an unknown god.
  1878 | D:3      | Found a hazy altar of Hepliaklqana.
  1911 | D:3      | Found a blossoming altar of Fedhas.
  1981 | D:3      | Found an opulent altar of Gozag.
  1981 | D:3      | Found an ornate altar of the Wu Jian Council.
  1981 | D:3      | Found a glowing silver altar of Zin.
  2433 | D:3      | Reached XP level 5. HP: 39/39 MP: 5/5
  2907 | D:4      | Reached skill level 6 in Ranged Weapons
  3446 | D:5      | Entered Level 5 of the Dungeon
  3626 | D:5      | Noticed a water moccasin
  3639 | D:5      | Gained mutation: Your mind is acute. (Int +4, Str/Dex -1)
                  | [potion of mutation]
  3639 | D:5      | Gained mutation: You are frail. (-10% HP) [potion of
                  | mutation]
  3639 | D:5      | Gained mutation: Your magical capacity is low. (-10% MP)
                  | [potion of mutation]
  3639 | D:5      | Gained mutation: You possess an exceptional clarity of
                  | mind. [potion of mutation]
  3641 | D:5      | Slain by a water moccasin

Illustrated notes

Levels and vault maps discovered:
D:1:      tarquinn_simple_flora_water_d, layout_loops_corners
D:2:      layout_basic, shapermc_ecumenical_altar_venn, minmay_quadrilaterals
D:3:      layout_basic, mainiacjoe_overflow_large_starburst,
          gammafunk_temple_overflow_claw, serial_aquarium,
          aquarium_bridge_long_joined [aquarium_subvault_bridge,
          aquarium_subvault_bridge, aquarium_subvault_bridge,
          aquarium_subvault_bridge, aquarium_subvault_wall,
          aquarium_subvault_balcony], aquarium_bridge_straight
          [aquarium_subvault_bridge, aquarium_subvault_balcony,
          aquarium_subvault_bridge, aquarium_subvault_wall],
          aquarium_window_corridor_2, aquarium_window_2, aquarium_view_2d,
          aquarium_view_2c, aquarium_pool_2, hangedman_decor_diamond_cutter,
          kennysheep_another_room
D:4:      layout_loops_ring
D:5:      layout_basic, minmay_temple_entry_poolview, serial_shops, shop,
          nrook_mini_vaults, hangedman_decor_riveting, minmay_ogre_servants

Skill      XL: |  1  2  3  4  5 |
---------------+----------------+-----
Dodging        | 3 4 |  4.0
Ranged Weapons | 5 6 |  6.1
Fighting       | |  2.4
Stealth        | |  0.8

Action                     |  1- 3 |  4- 6 || total
---------------------------+-------+-------++-------
   Fire: Shortbow          |    83 |   110 ||   193
Ability: Hop               |     1 |     3 ||     4
    Use: Potion            |       |     5 ||     5
 Armour: Leather armour    |     4 |     9 ||    13
         Skin              |       |     1 ||     1
  Dodge: Dodged            |    28 |    32 ||    60

Table legend: (Time is in decaauts)
 A = Elapsed time spent in this place.
 B = Non-inter-level travel time spent in this place.
 C = Inter-level travel time spent in this place.
 D = Time resting spent in this place.
 E = Time spent auto-exploring this place.
 F = Levels seen in this place.
 G = Mean time per level.
                   A        B        C        D        E       F      G
               +--------+--------+--------+--------+--------+-----+--------+
         Total |   4252 |   4074 |    178 |    311 |   3287 |   5 |  850.4 |
       Dungeon |   4252 |   4074 |    178 |    311 |   3287 |   5 |  850.4 |
               +--------+--------+--------+--------+--------+-----+--------+

Top non-repeatable levels by time:
     D:1: 1198 daAuts
     D:3: 997 daAuts
     D:2: 927 daAuts
     D:4: 905 daAuts
     D:5: 224 daAuts
